AoeStats
← WatchYourBack

Arabia

510147775Analyzed
1v1 RM · 4d ago on Sep 29, 2026· 35m 45s· 2 players
Game mode
Random Map
Map size
Tiny (2 player)
Population
200
Speed
Normal
Resources
Standard
Victory
Conquest
Starting age
Dark Age
Ending age
Imperial Age
RankedLock teamsTeams togetherTeam positionsShared explorationLock speedFull tech treeHidden civsTurbo modeCheats
Victory
Defeat
🇩🇪 Turks · Germany
990
+45
🇲🇽 Vikings · Mexico
990
-16
AztK_kilytl
5:00 Loom
10:07 Feudal Age
11:55 Double-Bit Axe
13:46 Stone Mining
16:34 Town Watch
21:15 Castle Age
19:48 Scale Mail Armor
19:43 Arson
22:59 Forging
23:09 Pikeman
27:39 Elite Skirmisher
28:12 Fletching
33:19 Padded Archer Armor
WatchYourBack
5:48 Loom
8:59 Feudal Age
10:37 Double-Bit Axe
19:17 Castle Age
18:17 Gold Mining
18:57 Fletching
20:59 Bloodlines
21:33 Bodkin Arrow
27:00 Horse Collar
29:05 Thumb Ring
35:14 Imperial Age
33:26 Padded Archer Armor
Connection lost

Rejoining the realm…

Still unreachable

The connection could not be restored.

Session expired

The server has moved on; the page needs a fresh start.